[Event "Titled Tuesday Blitz June 8 2021"]
[White "Nesterov, Arseniy"]
[Black "Tejedor Fuente, Enrique"]
[WhiteFideId "24198455"]
[BlackFideId "2299100"]
[WhiteElo "2441"]
[BlackElo "2535"]
[Result "1-0"]
[Round "06"]
[TimeControl "180+1"]
[Date "2021.06.08"]
[WhiteClock "0:01:16"]
[BlackClock "0:00:01"]

1. d4 d5 2. c4 e6 3. Nf3 Nf6 4. Nc3 a6 5. cxd5 exd5 6. Bg5 Be6 7. Bxf6 Qxf6 8. Qb3 b5 9. a4 b4 10. Nxd5 Qd8 11. e4 c6 12. Qe3 cxd5 13. exd5 Qxd5 14. Rc1 Be7 15. Bd3 Ra7 16. Be4 Qd8 17. d5 Bxd5 18. Bxd5 Rd7 19. Ba2 O-O 20. O-O Bf6 21. Rc2 Re8 22. Qf4 h6 23. Qxb4 Be7 24. Qc4 Bf8 25. g3 a5 26. Re2 Rxe2 27. Qxe2 Nc6 28. Rc1 Nd4 29. Nxd4 Rxd4 30. Qf3 Qd7 31. Bb3 Rb4 32. Rc3 Qb7 33. Bd5 Qe7 34. b3 Rd4 35. Kg2 Qd7 36. Bc4 g6 37. Re3 Kg7 38. Re5 1-0


[Site "https://www.chess.com"]

[Event "Titled Tuesday Blitz June 8 2021"]
[White "Papasimakopoulos, Alexandros"]
[Black "Pichot, Alan"]
[WhiteFideId "4244125"]
[BlackFideId "110973"]
[WhiteElo "2352"]
[BlackElo "2622"]
[Result "0-1"]
[Round "06"]
[TimeControl "180+1"]
[Date "2021.06.08"]
[WhiteClock "0:01:04"]
[BlackClock "0:00:58"]

1. d4 Nf6 2. c4 e6 3. Nc3 Bb4 4. Qc2 d6 5. a3 Bxc3+ 6. Qxc3 O-O 7. f3 c5 8. dxc5 dxc5 9. Bf4 Nc6 10. Rd1 Qb6 11. e3 Re8 12. Bg5 Nd7 13. Nh3 h6 14. Bh4 e5 15. Be2 Nf8 16. Nf2 Ng6 17. Bg3 Bf5 18. O-O Rad8 19. Rd5 Be6 20. Rdd1 f5 21. Nd3 Bf7 22. h4 f4 23. exf4 exf4 24. h5 Nd4 25. Nc1 fxg3 26. hxg6 Qxg6 27. Rxd4 cxd4 28. Qa5 d3 29. Bd1 b6 30. Qb5 a6 31. Qh5 Qxh5 32. b4 Qh2# 0-1


[Site "https://www.chess.com"]

[Event "Titled Tuesday Blitz June 8 2021"]
[White "Perez Ponsa, Federico"]
[Black "Wagner, Dennis"]
[WhiteFideId "117927"]
[BlackFideId "24650684"]
[WhiteElo "2672"]
[BlackElo "2355"]
[Result "1-0"]
[Round "06"]
[TimeControl "180+1"]
[Date "2021.06.08"]
[WhiteClock "0:00:05"]
[BlackClock "0:00:02"]

1. e4 c5 2. Nf3 d6 3. d4 cxd4 4. Nxd4 Nf6 5. Nc3 a6 6. Be2 e5 7. Nb3 Be7 8. Bg5 Be6 9. Bxf6 Bxf6 10. Qd3 Be7 11. O-O-O Nd7 12. g3 Rc8 13. f4 b5 14. Rhe1 O-O 15. f5 Bxb3 16. axb3 Nc5 17. Qf3 Nxb3+ 18. cxb3 b4 19. Bxa6 Rc7 20. Bc4 bxc3 21. bxc3 Qa8 22. Kd2 Rxc4 23. bxc4 Qa2+ 24. Kd3 Rc8 25. h4 Bd8 26. Ra1 Qxc4+ 27. Kd2 Bb6 28. Qd3 Qc5 29. Rab1 Ba5 30. Rb3 h5 31. Kc2 Qf2+ 32. Re2 Qf1 33. Rd2 Qa1 34. f6 Qa2+ 35. Rb2 Qa4+ 36. Kb1 Bxc3 37. Rdc2 Qa3 38. fxg7 Kxg7 39. g4 hxg4 40. Qg3 f5 41. exf5 Rc4 42. Qd3 Rc5 43. f6+ Kf7 44. Qh7+ Kxf6 45. Rf2+ Ke6 46. Qf7# 1-0


[Site "https://www.chess.com"]

[Event "Titled Tuesday Blitz June 8 2021"]
[White "Rosen, Eric"]
[Black "Siva Mahadevan"]
[WhiteFideId "2032562"]
[BlackFideId "25043153"]
[WhiteElo "2362"]
[BlackElo "2203"]
[Result "0-1"]
[Round "06"]
[TimeControl "180+1"]
[Date "2021.06.08"]
[WhiteClock "0:00:02"]
[BlackClock "0:00:48"]

1. d4 Nf6 2. Bf4 g6 3. Nc3 d5 4. e3 Bg7 5. h4 O-O 6. h5 c5 7. hxg6 hxg6 8. Nf3 Nc6 9. dxc5 Qa5 10. Qd2 Qxc5 11. Na4 Qb4 12. Qxb4 Nxb4 13. Bd3 Bf5 14. Bxf5 gxf5 15. O-O Nxc2 16. Rac1 Rac8 17. a3 Ne4 18. Be5 Bxe5 19. Nxe5 b5 20. Nc3 Nxc3 21. Rxc2 Ne4 22. Rfc1 Nd6 23. Nc6 Rc7 24. Nb4 Rxc2 25. Rxc2 e6 26. Rc6 Nc4 27. Nd3 a5 28. b4 axb4 29. axb4 Ra8 30. Rc5 Nd6 31. Rc6 Ne4 32. f3 Nd2 33. Ne5 Nc4 34. Nd3 Nxe3 35. Rb6 Ra3 36. Ne5 Nc4 37. Rb8+ Kg7 0-1


[Site "https://www.chess.com"]

[Event "Titled Tuesday Blitz June 8 2021"]
[White "Rychkov, Oleg"]
[Black "Tsydypov, Zhamsaran"]
[WhiteFideId "4122852"]
[BlackFideId "4108566"]
[WhiteElo "2493"]
[BlackElo "2645"]
[Result "0-1"]
[Round "06"]
[TimeControl "180+1"]
[Date "2021.06.08"]
[WhiteClock "0:00:13"]
[BlackClock "0:00:21"]

1. d4 Nf6 2. c4 g6 3. Nc3 Bg7 4. e4 d6 5. Be2 O-O 6. Bg5 c5 7. d5 e6 8. Nf3 h6 9. Bh4 e5 10. O-O Nbd7 11. a3 Qe8 12. Ne1 a6 13. b4 b6 14. Nd3 Nh7 15. bxc5 bxc5 16. Rb1 f5 17. f3 f4 18. Na4 g5 19. Be1 Qd8 20. Bc3 Nhf6 21. Nf2 h5 22. Qd2 Qe7 23. g4 fxg3 24. hxg3 Bh6 25. Kg2 Kg7 26. g4 Ra7 27. Nb6 Nxb6 28. Rxb6 Qd8 29. Ba5 Raf7 30. Rb7 Qe8 31. Rxf7+ Qxf7 32. Qe3 h4 33. Nh3 Nh5 34. Rb1 Ng3 35. Bd1 Bxg4 36. Nxg5 Qf6 37. Rb7+ Kg6 38. Bd2 Bxg5 39. Qxg5+ Qxg5 40. Bxg5 Kxg5 41. fxg4 Nxe4 42. Bf3 h3+ 43. Kxh3 Rxf3+ 0-1


[Site "https://www.chess.com"]

[Event "Titled Tuesday Blitz June 8 2021"]
[White "Sanal, Vahap"]
[Black "Guo, Arthur"]
[WhiteFideId "6300545"]
[BlackFideId "30903114"]
[WhiteElo "2507"]
[BlackElo "2823"]
[Result "1-0"]
[Round "06"]
[TimeControl "180+1"]
[Date "2021.06.08"]
[WhiteClock "0:00:14"]
[BlackClock "0:00:02"]

1. e4 c5 2. Nf3 d6 3. d4 cxd4 4. Nxd4 Nf6 5. Nc3 a6 6. a3 e5 7. Nf5 d5 8. Bg5 d4 9. Bxf6 gxf6 10. Nb1 Be6 11. Nd2 Qb6 12. Bc4 Nd7 13. Qh5 Bxc4 14. Nxc4 Qc6 15. Qe2 Rc8 16. Nd2 Qxc2 17. O-O Qc7 18. Qh5 Qb6 19. Rac1 Rc6 20. Nc4 Qb3 21. Ncd6+ Bxd6 22. Nxd6+ Ke7 23. Nf5+ Kd8 24. Rcd1 Qe6 25. h3 Kc8 26. b4 Kb8 27. Rb1 Rc3 28. a4 d3 29. Rfd1 Nb6 30. Ne3 Nxa4 31. b5 Rb3 32. bxa6 Nc3 33. Rxb3 Qxb3 34. Rd2 Nxe4 35. Rd1 Nc3 36. Rd2 Ne2+ 37. Kh2 Nf4 38. Qf5 Qe6 39. Qe4 Qxa6 40. g3 Ne6 41. h4 Nd4 42. Rxd3 Qc6 43. Qg4 Nf3+ 44. Kh1 Ne1+ 45. Rd5 Nd3 46. Kg1 Nb4 47. Qxb4 Qc1+ 48. Rd1 Qc6 49. Qb3 Qc7 50. Nd5 Qc6 51. Nb4 Qb6 52. Rb1 Qb5 53. Qxf7 Rc8 54. Qxf6 Rc4 55. Qd6+ Kc8 56. Ra1 b6 57. Ra8+ Kb7 58. Qb8# 1-0


[Site "https://www.chess.com"]

[Event "Titled Tuesday Blitz June 8 2021"]
[White "Svidler, Peter"]
[Black "Jobava, Baadur"]
[WhiteFideId "4102142"]
[BlackFideId "13601520"]
[WhiteElo "2754"]
[BlackElo "2748"]
[Result "1/2-1/2"]
[Round "06"]
[TimeControl "180+1"]
[Date "2021.06.08"]
[WhiteClock "0:00:21"]
[BlackClock "0:00:17"]

1. c4 c6 2. d4 d5 3. cxd5 cxd5 4. Bf4 Nc6 5. e3 Nf6 6. Nc3 e6 7. Bd3 Bd7 8. Rc1 Be7 9. h3 Qa5 10. a3 O-O 11. Nf3 Rfc8 12. O-O Qd8 13. Ne5 Be8 14. Qe2 h6 15. Bg3 Nxe5 16. dxe5 Nd7 17. Bb1 Nf8 18. Qd2 Rc6 19. Ne2 Rac8 20. Rxc6 bxc6 21. f4 c5 22. f5 exf5 23. Bxf5 Rb8 24. Nf4 d4 25. e6 dxe3 26. Qxe3 Rxb2 27. Qe5 Bf6 28. Qe4 Qd4+ 29. Qxd4 Bxd4+ 30. Kh1 Rb3 31. Bf2 fxe6 32. Nxe6 Bxf2 33. Rxf2 Bf7 34. Nxf8 Kxf8 35. Bg6 Rb7 36. Rf5 c4 37. Rf4 c3 38. Rf3 c2 39. Bxc2 Ke7 40. Re3+ Kd6 41. Kh2 Bd5 42. Bg6 Rb2 43. Be4 Rb3 44. Rxb3 Bxb3 45. Kg3 Kc5 46. Kf4 Kd4 47. Bc6 a5 48. Kf5 Bc2+ 49. Ke6 Kc3 50. Kf7 g5 51. g4 Kb3 52. Kg7 Kxa3 53. Kxh6 Kb4 54. Kxg5 Kc5 55. Be8 Kd6 56. Kf6 a4 57. Bxa4 Bxa4 58. g5 Kd7 59. g6 Ke8 60. Kg7 Bd1 61. h4 Ke7 62. Kh8 Kf6 63. g7 Bb3 64. h5 Kg5 65. g8=Q+ Bxg8 66. Kxg8 Kxh5 1/2-1/2


[Site "https://www.chess.com"]

[Event "Titled Tuesday Blitz June 8 2021"]
[White "Tabatabaei, M. Amin"]
[Black "Demchenko, Anton"]
[WhiteFideId "12521213"]
[BlackFideId "4160258"]
[WhiteElo "2555"]
[BlackElo "2593"]
[Result "1-0"]
[Round "06"]
[TimeControl "180+1"]
[Date "2021.06.08"]
[WhiteClock "0:01:06"]
[BlackClock "0:00:30"]

1. d4 Nf6 2. Nf3 g6 3. Bf4 Bg7 4. e3 d6 5. Be2 O-O 6. O-O Nc6 7. Nc3 Nh5 8. Bg5 h6 9. Bh4 g5 10. Nd2 Nf4 11. exf4 gxh4 12. d5 Nd4 13. Bd3 h3 14. Qh5 hxg2 15. Kxg2 e5 16. Rg1 Qf6 17. Kh1 Qxf4 18. Rg3 f5 19. Rag1 Rf7 20. Qxf7+ Kxf7 21. Rxg7+ Kf8 22. Rg8+ Kf7 23. R1g7+ Kf6 24. Nde4+ fxe4 25. Nxe4+ Qxe4+ 26. Bxe4 b6 27. Rxc7 Bf5 28. Rxa8 Bxe4+ 29. Kg1 Bxd5 30. Rd8 Nf3+ 31. Kf1 Nxh2+ 32. Ke2 Bf3+ 33. Ke1 Ke6 34. Rcd7 h5 35. Rxd6+ Kf5 36. Rf8+ Ke4 37. Rf7 Bg4 38. Rxa7 Nf3+ 39. Kf1 h4 40. Ra4+ Kf5 41. Rxg4 Kxg4 42. Rxb6 h3 43. Rh6 Nh4 44. a4 h2 45. Rxh4+ Kxh4 46. Kg2 1-0


[Site "https://www.chess.com"]

[Event "Titled Tuesday Blitz June 8 2021"]
[White "Terry, Renato"]
[Black "Costachi, Mihnea"]
[WhiteFideId "3803457"]
[BlackFideId "1217518"]
[WhiteElo "2581"]
[BlackElo "2479"]
[Result "1-0"]
[Round "06"]
[TimeControl "180+1"]
[Date "2021.06.08"]
[WhiteClock "0:00:33"]
[BlackClock "0:02:05"]

1. d4 Nf6 2. Nf3 d5 3. c4 c6 4. Nc3 a6 5. c5 g6 6. Bf4 Bg7 7. h3 O-O 8. e3 Bf5 9. g4 Be4 10. Bg2 Nbd7 11. O-O b5 12. Bh2 a5 13. g5 Bxf3 14. Qxf3 Ne8 15. h4 e5 16. Rad1 e4 17. Qh3 f6 18. Qe6+ Kh8 19. Qxc6 fxg5 20. Qxd5 gxh4 21. Nxe4 Qe7 22. Qxa8 h3 23. Bh1 Nef6 24. Qc6 Nxe4 25. Qxe4 Qg5+ 26. Bg3 Nf6 27. Qf4 Qh5 28. Bf3 h2+ 29. Kg2 g5 30. Bxh5 gxf4 31. Bxf4 Nxh5 32. Bxh2 Bf6 33. c6 Rg8+ 34. Kh1 Rg4 35. c7 Rg8 36. d5 1-0


[Site "https://www.chess.com"]

[Event "Titled Tuesday Blitz June 8 2021"]
[White "Vidit, Santosh Gujrathi"]
[Black "Salinas Herrera, Pablo"]
[WhiteFideId "5029465"]
[BlackFideId "3407128"]
[WhiteElo "2735"]
[BlackElo "2541"]
[Result "1-0"]
[Round "06"]
[TimeControl "180+1"]
[Date "2021.06.08"]
[WhiteClock "0:00:08"]
[BlackClock "0:00:51"]

1. d4 d5 2. c4 e6 3. Nf3 a6 4. cxd5 exd5 5. Nc3 Nf6 6. Bg5 Be6 7. Bxf6 Qxf6 8. Qb3 Ra7 9. a3 Qd8 10. h4 Be7 11. e4 dxe4 12. d5 exf3 13. dxe6 O-O 14. exf7+ Kh8 15. gxf3 Nc6 16. Rd1 Bd6 17. Ne4 Qe7 18. Bc4 Ne5 19. Bd5 c6 20. Be6 Bb8 21. Kf1 b5 22. h5 h6 23. f4 Nxf7 24. f5 Ng5 25. Nxg5 Qxg5 26. Qf3 Qf6 27. Qxc6 Qxb2 28. Qc5 Qf6 29. Rg1 Rc7 30. Qe3 Rc3 31. Qd2 Be5 32. Rg6 1-0


[Site "https://www.chess.com"]

[Event "Titled Tuesday Blitz June 8 2021"]
[White "Yilmaz, Mustafa"]
[Black "Kobo, Ori"]
[WhiteFideId "6302718"]
[BlackFideId "2812320"]
[WhiteElo "2518"]
[BlackElo "2431"]
[Result "1-0"]
[Round "06"]
[TimeControl "180+1"]
[Date "2021.06.08"]
[WhiteClock "0:01:00"]
[BlackClock "0:00:20"]

1. d4 g6 2. e4 Bg7 3. Nf3 d6 4. h3 Nf6 5. Bd3 O-O 6. O-O Nbd7 7. Re1 e5 8. c3 b6 9. a4 a5 10. Na3 Bb7 11. Nb5 Re8 12. d5 Rf8 13. b4 Nh5 14. bxa5 Rxa5 15. c4 Nf4 16. Bf1 f5 17. exf5 Rxf5 18. Ra3 Nc5 19. g3 e4 20. Nfd4 Nfd3 21. Nxf5 gxf5 22. Bxd3 Nxd3 23. Rxd3 exd3 24. Qxd3 Bc8 25. Nd4 Qf6 26. Re8+ Kf7 27. Rxc8 Qxd4 28. Qxf5+ 1-0


[Site "https://www.chess.com"]

[Event "Titled Tuesday Blitz June 8 2021"]
[White "Abdusattorov, Nodirbek"]
[Black "Narayanan.S.L"]
[WhiteFideId "14204118"]
[BlackFideId "5058422"]
[WhiteElo "2662"]
[BlackElo "2617"]
[Result "1-0"]
[Round "07"]
[TimeControl "180+1"]
[Date "2021.06.08"]
[WhiteClock "0:00:35"]
[BlackClock "0:00:09"]

1. e4 c5 2. Nf3 d6 3. Bb5+ Nd7 4. O-O a6 5. Bd3 Ngf6 6. Re1 e5 7. c3 Be7 8. Bc2 O-O 9. d4 b6 10. d5 Ne8 11. c4 g6 12. Nc3 Ng7 13. Nd2 f5 14. exf5 gxf5 15. Nf1 Nf6 16. f4 e4 17. Ne3 Bd7 18. Bd2 b5 19. b3 Qe8 20. Rf1 Qg6 21. Ne2 h5 22. Kh1 b4 23. Ng1 a5 24. a3 Ng4 25. Nh3 Bf6 26. Ra2 Rfb8 27. Ng5 Bd4 28. Qe2 Re8 29. Bd1 Bf6 30. h3 Nh6 31. Qe1 Nf7 32. h4 Nh6 33. Bc1 Ng4 34. Bxg4 hxg4 35. Bb2 Bxb2 36. Rxb2 bxa3 37. Ra2 a4 38. Rxa3 axb3 39. Rxb3 Reb8 40. Rxb8+ Rxb8 41. Qa1 Nh5 42. Rb1 Rxb1+ 43. Qxb1 Qe8 44. Qb6 Qe7 45. Qc7 Nxf4 46. Nxf5 Qe8 47. Nxd6 Qe7 48. Nf5 Qf6 49. Qxd7 1-0


[Site "https://www.chess.com"]

[Event "Titled Tuesday Blitz June 8 2021"]
[White "Aditya Mittal"]
[Black "Manukyan, Sargis A."]
[WhiteFideId "35042025"]
[BlackFideId "13303970"]
[WhiteElo "2171"]
[BlackElo "2187"]
[Result "1-0"]
[Round "07"]
[TimeControl "180+1"]
[Date "2021.06.08"]
[WhiteClock "0:00:05"]
[BlackClock "0:00:01"]

1. Nf3 Nf6 2. g3 b5 3. Bg2 Bb7 4. O-O e6 5. b3 c5 6. Bb2 Be7 7. d4 d5 8. a4 b4 9. Nbd2 Nbd7 10. e3 O-O 11. Qe2 a5 12. Rfd1 Ba6 13. Qe1 Rc8 14. c4 bxc3 15. Bxc3 cxd4 16. Bxd4 Bb4 17. Bf1 Bxf1 18. Qxf1 Nc5 19. Rac1 Nfe4 20. Nxe4 Nxe4 21. Ne5 Qg5 22. Rxc8 Rxc8 23. Rc1 Rf8 24. Qa6 Qf5 25. Qe2 h5 26. Nd3 Bd6 27. h4 Rb8 28. Rb1 Nxf2 29. Qxf2 Qxd3 30. Rf1 Qg6 31. Kg2 Rxb3 32. Rc1 e5 33. Bc5 Bb8 34. Be7 d4 35. Rc8+ Kh7 36. Bg5 f6 37. exd4 fxg5 38. Qf8 Qc2+ 39. Rxc2 Bd6 40. Qf5+ g6 41. Qxg5 exd4 42. Qd5 Rb6 43. Qf7+ Kh6 44. Re2 d3 45. Re6 Rb2+ 46. Kh3 Bxg3 47. Kxg3 d2 48. Qxg6# 1-0


[Site "https://www.chess.com"]

[Event "Titled Tuesday Blitz June 8 2021"]
[White "Al Hosani, Omran"]
[Black "Hambleton, Aman"]
[WhiteFideId "9308733"]
[BlackFideId "2606577"]
[WhiteElo "2259"]
[BlackElo "2552"]
[Result "0-1"]
[Round "07"]
[TimeControl "180+1"]
[Date "2021.06.08"]
[WhiteClock "0:00:21"]
[BlackClock "0:00:32"]

1. Nf3 c6 2. g3 d5 3. Bg2 Nf6 4. O-O h6 5. d4 Bf5 6. c4 e6 7. Nc3 Nbd7 8. Qb3 Qb6 9. Bf4 Be7 10. c5 Qxb3 11. axb3 a6 12. b4 O-O 13. Ne5 Nxe5 14. Bxe5 Nd7 15. Bf4 g5 16. Bd2 Bg6 17. e4 dxe4 18. Nxe4 Nf6 19. Nxf6+ Bxf6 20. Bc3 Rad8 21. Rfd1 Rd7 22. Rd2 Rfd8 23. Rad1 g4 24. f3 h5 25. Kf2 Bf5 26. Bh1 Kh7 27. Bg2 Kg6 28. Bh1 h4 29. Bg2 Bg5 30. fxg4 Bxg4 31. Be4+ f5 32. Bf3 Bxd2 33. Rxd2 hxg3+ 34. hxg3 Bxf3 35. Kxf3 Rh7 36. Re2 Kf7 37. g4 Rh3+ 38. Kg2 fxg4 39. Re4 Rg8 40. Rf4+ Ke7 41. Re4 g3 42. d5 Rh2+ 43. Kg1 cxd5 44. Rf4 g2 45. Bf6+ Ke8 46. Rh4 Rxh4 47. Bxh4 e5 48. Bf6 e4 49. Bd4 Kd7 50. b5 axb5 51. b4 Ke6 52. Kh2 g1=Q+ 53. Bxg1 Rxg1 54. Kxg1 d4 55. Kf2 Kd5 56. Ke2 Kc4 57. c6 bxc6 58. Kd2 Kxb4 59. Kc2 c5 60. Kb2 c4 61. Kc2 Kc5 62. Kd2 Kd5 63. Kc2 Ke5 64. Kd2 b4 0-1


[Site "https://www.chess.com"]

[Event "Titled Tuesday Blitz June 8 2021"]
[White "Alavkin, Arseny"]
[Black "Toncheva, Nadya"]
[WhiteFideId "4120612"]
[BlackFideId "2924056"]
[WhiteElo "2401"]
[BlackElo "1920"]
[Result "1-0"]
[Round "07"]
[TimeControl "180+1"]
[Date "2021.06.08"]
[WhiteClock "0:00:48"]
[BlackClock "0:00:06"]

1. e4 c5 2. Nc3 Nc6 3. Nge2 g6 4. d4 cxd4 5. Nxd4 Bg7 6. Be3 Nf6 7. Bc4 O-O 8. Bb3 d6 9. f3 Bd7 10. Qd2 Rc8 11. O-O-O Na5 12. h4 h5 13. Kb1 Nc4 14. Bxc4 Rxc4 15. Nce2 b5 16. Bh6 a5 17. Bxg7 Kxg7 18. Qg5 Rc5 19. Qe3 Qc7 20. Rd2 Rc8 21. Rc1 a4 22. c3 b4 23. Rdc2 e5 24. Nf5+ Bxf5 25. exf5 Nd5 26. Qd2 bxc3 27. Nxc3 Nb4 28. f6+ Kh7 29. g4 Nxc2 30. Rxc2 Qd8 31. gxh5 Qxf6 32. Ne4 Qxh4 33. hxg6+ fxg6 34. Nxc5 Rxc5 35. Rxc5 dxc5 36. Qd7+ Kh6 37. Qd2+ Kh7 38. Qe3 Qh1+ 39. Kc2 Qf1 40. Qxc5 Qxf3 41. Qa7+ Kh6 42. Qxa4 Qe2+ 43. Kb3 Qd3+ 44. Kb4 Qd4+ 45. Ka3 Qxa4+ 46. Kxa4 g5 47. b4 g4 48. b5 g3 49. b6 g2 50. b7 g1=Q 51. b8=Q Qd1+ 52. Qb3 Qd4+ 53. Kb5 Kg6 54. a4 Kf6 55. Qf3+ Ke6 56. a5 Qd7+ 57. Qc6+ Qxc6+ 58. Kxc6 e4 59. a6 e3 60. a7 e2 61. a8=Q e1=Q 62. Qe8+ 1-0


[Site "https://www.chess.com"]

[Event "Titled Tuesday Blitz June 8 2021"]
[White "Andreikin, Dmitry"]
[Black "Drygalov, Sergey"]
[WhiteFideId "4158814"]
[BlackFideId "24171743"]
[WhiteElo "2782"]
[BlackElo "2514"]
[Result "1-0"]
[Round "07"]
[TimeControl "180+1"]
[Date "2021.06.08"]
[WhiteClock "0:00:28"]
[BlackClock "0:00:03"]

1. e4 c5 2. Nf3 d6 3. d4 cxd4 4. Nxd4 Nf6 5. Nc3 a6 6. a4 Nc6 7. h3 e5 8. Nf3 Be7 9. Bg5 Be6 10. Bxf6 Bxf6 11. Nd5 Bxd5 12. Qxd5 O-O 13. c3 Qb6 14. Qa2 d5 15. a5 Qc7 16. Qxd5 Rad8 17. Qc4 Rd7 18. Be2 Bd8 19. b4 g6 20. O-O Kg7 21. Rfd1 Be7 22. Rd5 Rfd8 23. Rad1 Bf6 24. Ne1 Qc8 25. Nc2 Rc7 26. Bg4 Qb8 27. Rd7 Rdxd7 28. Rxd7 Rxd7 29. Bxd7 Ne7 30. Ne3 Qd6 31. Bc8 Bg5 32. Nd5 Nxd5 33. exd5 b6 34. Qc6 Qxc6 35. dxc6 bxa5 36. c7 1-0


[Site "https://www.chess.com"]

[Event "Titled Tuesday Blitz June 8 2021"]
[White "Annaberdiyev, Babageldi"]
[Black "Wagner, Dinara"]
[WhiteFideId "14000385"]
[BlackFideId "24157570"]
[WhiteElo "2753"]
[BlackElo "2525"]
[Result "1-0"]
[Round "07"]
[TimeControl "180+1"]
[Date "2021.06.08"]
[WhiteClock "0:00:30"]
[BlackClock "0:00:01"]

1. e4 c5 2. Nf3 d6 3. d4 cxd4 4. Nxd4 Nf6 5. Nc3 a6 6. Bg5 Nbd7 7. Be2 g6 8. h4 Bg7 9. h5 Nxh5 10. Bxh5 gxh5 11. Nd5 Nf6 12. Bxf6 Bxf6 13. Nxf6+ exf6 14. Qxh5 Qb6 15. O-O-O Bd7 16. Rhe1 Qc5 17. Nf5 Bxf5 18. exf5+ Kd8 19. Qxf7 Rb8 20. Qxf6+ Kc7 21. Re7+ Kb6 22. Qxd6+ Qxd6 23. Rxd6+ Ka7 24. Rdd7 Rhg8 25. g3 Rgf8 26. Rf7 Rg8 27. f6 Rg6 28. b3 Rh6 29. Kb2 Rg6 30. a4 Rh6 31. a5 Rh5 32. b4 Rf5 33. f4 h5 34. Kb3 h4 35. gxh4 Rxf4 36. h5 Ka8 37. Rfe7 Rxf6 38. Rh7 Rf3+ 39. c3 Rh3 40. h6 Rh4 41. Rd6 Rc8 42. Rd4 Rh5 43. Rc4 Rd8 44. Rcc7 Rb8 45. c4 Rh3+ 46. Ka4 Rh4 47. b5 axb5+ 48. Kxb5 Rh5+ 49. Kb4 Rd8 50. Rxb7 Rd1 51. Rbg7 1-0


[Site "https://www.chess.com"]

[Event "Titled Tuesday Blitz June 8 2021"]
[White "Arabidze, Meri"]
[Black "Balakrishnan, Praveen"]
[WhiteFideId "13604040"]
[BlackFideId "2064871"]
[WhiteElo "2623"]
[BlackElo "2778"]
[Result "1-0"]
[Round "07"]
[TimeControl "180+1"]
[Date "2021.06.08"]
[WhiteClock "0:00:05"]
[BlackClock "0:00:25"]

1. d4 g6 2. Nf3 Bg7 3. g3 c5 4. d5 d6 5. Nc3 b5 6. Nxb5 Qa5+ 7. Nc3 Bxc3+ 8. bxc3 Qxc3+ 9. Bd2 Qc4 10. Bg2 Bf5 11. O-O Be4 12. Qb1 Nd7 13. Qb3 Qxd5 14. Bc3 Ngf6 15. Rfd1 Qxb3 16. cxb3 O-O 17. b4 cxb4 18. Bxb4 Rfc8 19. Rac1 Nb6 20. Bh3 Rxc1 21. Rxc1 Nbd5 22. Ba5 Rb8 23. Nd4 g5 24. f3 Bg6 25. Kf2 Rb2 26. a3 Kg7 27. Bf5 e6 28. Bxg6 Kxg6 29. Rc6 e5 30. Nc2 g4 31. Nb4 gxf3 32. Nxd5 Nxd5 33. Rxd6+ Nf6 34. Bd8 e4 35. Rxf6+ Kg7 36. Ra6 Rxe2+ 37. Kf1 Rxh2 38. Bf6+ Kg6 39. Bd4+ Kg5 40. Rxa7 f5 41. Rg7+ Kh6 42. Rf7 Kg6 43. Rg7+ Kh6 44. Rg8 Ra2 45. Be3+ Kh5 46. Rg5+ Kh6 47. Rxf5+ Kg6 48. Rg5+ Kf6 49. Ra5 Ra1+ 50. Kf2 Ra2+ 51. Kg1 Rg2+ 52. Kf1 Rxg3 53. Bf2 Rh3 54. Kg1 Ke7 55. Ra6 Rh5 56. a4 Rg5+ 57. Kf1 Rd5 58. Ra7+ Ke6 59. Ke1 Rd3 60. a5 Ra3 61. a6 Ra1+ 62. Kd2 Ra2+ 63. Ke1 Ra1+ 64. Kd2 Ra2+ 65. Ke1 Re2+ 66. Kf1 Rb2 67. Ke1 Kd5 68. Ra8 Rb1+ 69. Kd2 Rb2+ 70. Ke3 Re2+ 71. Kf4 Rxf2 72. Rd8+ Ke6 73. a7 Ra2 74. a8=Q f2 75. Qc6+ Ke7 76. Qd7+ Kf6 77. Rf8+ Kg6 78. Qe6+ Kh5 79. Rf5+ Kh4 80. Qe7+ Kh3 81. Rh5+ Kg2 82. Qg5+ Kf1 83. Rh1+ Ke2 84. Qg4+ Kd2 85. Kxe4 Kc3 86. Kf5 Ra4 87. Kf6 Kb2 88. Qf3 Ra3 89. Qxf2+ Kb3 90. Rh3+ Ka4 91. Rxa3+ Kxa3 92. Qh4 Kb3 93. Qxh7 Kc4 94. Ke5 Kc3 95. Qe4 Kd2 96. Kd4 Kc1 97. Qg2 Kd1 98. Kd3 Kc1 99. Qc2# 1-0


[Site "https://www.chess.com"]

[Event "Titled Tuesday Blitz June 8 2021"]
[White "Bacrot, Etienne"]
[Black "Vyatkin, Dmitry"]
[WhiteFideId "605506"]
[BlackFideId "4171900"]
[WhiteElo "2673"]
[BlackElo "2279"]
[Result "1-0"]
[Round "07"]
[TimeControl "180+1"]
[Date "2021.06.08"]
[WhiteClock "0:00:05"]
[BlackClock "0:00:03"]

1. e4 e6 2. Nf3 d5 3. exd5 exd5 4. d4 Nf6 5. Bd3 Be7 6. O-O O-O 7. Re1 Bg4 8. Nbd2 Nbd7 9. Nf1 c5 10. c3 cxd4 11. cxd4 Bb4 12. Re3 Rc8 13. Ng3 Re8 14. h3 Be6 15. Ne5 Nxe5 16. dxe5 Nd7 17. a3 Ba5 18. Re2 f6 19. exf6 Nxf6 20. Bg5 h6 21. Bf4 Qd7 22. Be5 Rf8 23. b4 Bb6 24. Qd2 Rce8 25. Rae1 Ne4 26. Bxe4 dxe4 27. Nxe4 Bxh3 28. gxh3 Qxh3 29. Qd5+ Kh8 30. Ng3 Rd8 31. Bxg7+ Kxg7 32. Re7+ Kg6 33. R1e6+ Rf6 34. Qe4+ Kg5 35. Rg7+ 1-0


[Site "https://www.chess.com"]

[Event "Titled Tuesday Blitz June 8 2021"]
[White "Baskin, Robert"]
[Black "Narayanan, Srinath"]
[WhiteFideId "24662402"]
[BlackFideId "5018420"]
[WhiteElo "2603"]
[BlackElo "2792"]
[Result "1-0"]
[Round "07"]
[TimeControl "180+1"]
[Date "2021.06.08"]
[WhiteClock "0:00:09"]
[BlackClock "0:00:09"]

1. d4 Nf6 2. c4 e6 3. Nf3 d5 4. Nc3 Bb4 5. Bg5 h6 6. Bxf6 Qxf6 7. e3 O-O 8. Rc1 Nc6 9. Qb3 dxc4 10. Bxc4 Bd6 11. Ne4 Qg6 12. Nxd6 cxd6 13. Bd3 Qxg2 14. Ke2 Qh3 15. Rhg1 Qh5 16. Rg3 f5 17. Rcg1 Rf7 18. d5 Ne5 19. dxe6 Re7 20. Bxf5 Qxf5 21. Nd4 Qh5+ 22. Kd2 Kh8 23. f4 Nc6 24. Nxc6 bxc6 25. Qc3 Qxh2+ 26. R1g2 Qxg2+ 27. Rxg2 Bxe6 28. Qxc6 Rc8 29. Qf3 Bxa2 30. e4 Rce8 31. Qc3 Bb1 32. f5 Bxe4 33. f6 Bxg2 34. fxe7 Rxe7 35. Qc8+ Kh7 36. Qf5+ Kg8 37. Qc8+ Kf7 38. Qf5+ Ke8 39. Qg6+ Kd8 40. Qxg2 g5 41. Qa8+ Kd7 42. Qxa7+ Ke6 43. Qe3+ Kf6 44. Qd4+ Ke6 45. b4 h5 46. b5 h4 47. b6 h3 48. b7 Rxb7 49. Qe4+ Kf6 50. Qxb7 g4 51. Qe4 Kg5 52. Ke2 Kh4 53. Kf2 1-0


[Site "https://www.chess.com"]

[Event "Titled Tuesday Blitz June 8 2021"]
[White "Bendayan Claros, Aaron"]
[Black "Willow, Jonah B"]
[WhiteFideId "3803392"]
[BlackFideId "438804"]
[WhiteElo "2431"]
[BlackElo "2742"]
[Result "0-1"]
[Round "07"]
[TimeControl "180+1"]
[Date "2021.06.08"]
[WhiteClock "0:00:05"]
[BlackClock "0:00:25"]

1. d4 Nf6 2. Bg5 e6 3. e4 h6 4. Bxf6 Qxf6 5. c3 e5 6. Nf3 d6 7. h3 g6 8. Nbd2 Bg7 9. Bc4 O-O 10. dxe5 dxe5 11. O-O Nc6 12. Qe2 g5 13. Nh2 Ne7 14. Ng4 Qb6 15. Bb3 Ng6 16. Nc4 Qc5 17. Kh2 h5 18. Nge3 Nf4 19. Qf3 Be6 20. Rad1 Rad8 21. Nd2 Rd3 22. Bc2 Rd7 23. Nf5 Bxf5 24. exf5 Rfd8 25. Ne4 Qe7 26. g3 Rxd1 27. Rxd1 Rxd1 28. Qxd1 g4 29. gxf4 Qh4 30. Qf1 exf4 31. f6 Bh6 32. Qd3 f3 33. Ng5 Qxf2+ 34. Kh1 Qg2# 0-1


[Site "https://www.chess.com"]

[Event "Titled Tuesday Blitz June 8 2021"]
[White "Borsuk, Konstantin"]
[Black "Sirosh, Ilja"]
[WhiteFideId "14113406"]
[BlackFideId "4500458"]
[WhiteElo "2363"]
[BlackElo "2241"]
[Result "0-1"]
[Round "07"]
[TimeControl "180+1"]
[Date "2021.06.08"]
[WhiteClock "0:01:02"]
[BlackClock "0:00:40"]

1. d4 d5 2. c4 e6 3. Nc3 c5 4. cxd5 exd5 5. Nf3 Nc6 6. g3 Nf6 7. Bg2 cxd4 8. Nxd4 Bc5 9. Nb3 Bb6 10. Nxd5 Be6 11. Nxb6 Qxd1+ 12. Kxd1 axb6 13. Nd2 Ke7 14. Bxc6 bxc6 15. b3 Rhd8 16. Ke1 Nd5 17. Bb2 Nb4 18. Kd1 Rxa2 19. Rxa2 Bxb3+ 20. Ke1 Bxa2 21. Bxg7 c5 22. Bc3 b5 23. Bxb4 cxb4 24. Kd1 b3 25. Kc1 b2+ 26. Kc2 Rxd2+ 27. Kxd2 b1=Q 28. Rxb1 Bxb1 29. Kc3 Ba2 30. Kd4 b4 31. e4 Be6 32. f4 b3 33. Kc3 Bc4 34. g4 Ke6 35. h4 Be2 36. g5 Bf3 0-1


[Site "https://www.chess.com"]